 Dungeon Crawl Stone Soup version 0.15.2 (webtiles) character file.

394 magipi the Basher (level 6, -11/59 HPs)
             Began as an Ogre Hunter on Aug 10, 2016.
             Killed from afar by an orc wizard (14 damage)
             ... with a puff of flame
             ... on Level 3 of the Dungeon.
             The game lasted 00:09:42 (2451 turns).

magipi the Basher (Ogre Hunter)                     Turns: 2451, Time: 00:09:43

HP -11/59        AC  4     Str 23      XL: 6   Next: 82%
MP   6/6         EV 10     Int 10      God:
Gold 114         SH  0     Dex 12      Spells:  0 memorised,  5 levels left

rFire  . . .     SeeInvis .     q - +0 whip
rCold  . . .     Clarity  .     d - +0 animal skin
rNeg   . . .     rCorr    .     (shield restricted)
rPois  .         rRot     .     (helmet restricted)
rElec  .         Spirit   .     u - +0 cloak
SustAb .         Warding  .     (gloves unavailable)
rMut   .         Stasis   .     (boots unavailable)
Gourm  .                        (no amulet)
MR     .....                    (no ring)
                                m - +3 ring of slaying

@: mighty, not resistant to hostile enchantments, very unstealthy
A: unfitting armour, tough skin 1
a: no special abilities


You were on level 3 of the Dungeon.
You were not hungry.

You visited 1 branch of the dungeon, and saw 3 of its levels.

You collected 114 gold pieces.

Inventory:

Hand weapons
 a - a +1 club
 q - a +0 whip (weapon)
Missiles
 n - 16 poisoned needles
Armour
 d - a +0 animal skin (worn)
 u - a +0 cloak (worn)
Comestibles
 f - 7 meat rations
 g - 4 fruits
 r - 3 chunks of hobgoblin flesh
 v - a bread ration
Scrolls
 b - a scroll of immolation {unknown}
 h - a scroll of identify
 i - a scroll of blinking {unknown}
 j - a scroll of recharging {unknown}
 o - a scroll of remove curse
 p - a scroll of teleportation
 t - 2 scrolls of enchant armour {unknown}
Jewellery
 m - a +3 ring of slaying (left hand)
Potions
 e - a potion of might
 k - a potion of curing


   Skills:
 - Level 2.6 Fighting
 + Level 9.0 Maces & Flails
 - Level 4.3 Throwing
 - Level 1.7 Dodging
 - Level 0.7 Stealth


You had 5 spell levels left.
You didn't know any spells.

Dungeon Overview and Level Annotations

Branches:
Dungeon (3/15)

Altars:
Kikubaaqudgha
Qazlal
Trog


Innate Abilities, Weirdness & Mutations

You are too large for most types of armour.
You have tough skin (AC +1).

Vault maps used:
D:1:      eino_arrival_cavern_e
D:2:      nicolae_qazlal_eye_of_the_storm, uniq_iyjb
D:3:      gammafunk_temple_overflow_statue, first_bread,
          minmay_misc_feat_enclosed, uniq_grinder, uniq_terence


Message History

The orc hits you with a glowing dagger.
You are poisoned.
The orc hits you but does no damage.
An orc comes into view. It is wielding a dagger.
Things that are here:
a throwing net x2
You feel sick.
The orc throws a tomahawk.
The tomahawk hits you but does no damage.
The orc wizard mumbles some strange words.
The orc wizard seems to speed up.
You see here a tomahawk.
You feel sick.
The orc wizard mumbles some strange words.
You feel troubled. Grinder hits you!
* * * LOW HITPOINT WARNING * * *
You writhe in agony.
* * * LOW HITPOINT WARNING * * *
Drink which item? (? for menu, Esc to quit)
You feel much better.
You feel sick. Grinder hits you!
* * * LOW HITPOINT WARNING * * *
You writhe in agony.
* * * LOW HITPOINT WARNING * * *
Drink which item? (? for menu, Esc to quit)
You feel better.
The orc throws a tomahawk.
The tomahawk hits you but does no damage.
Grinder barely misses you.
Unknown command.
Unknown command.
You hit Grinder.
You kill Grinder!
Your Maces & Flails skill gained 2 levels and is now at level 8!
You have reached level 6!
Your experience leads to an increase in your attributes!
Increase (S)trength, (I)ntelligence, or (D)exterity?
You feel agile.
You feel stronger.
Your life force feels restored.
The orc wizard mumbles some strange words.
You feel a wave of unholy energy pass over you.
Unknown command.
You hit the orc.
The orc is heavily wounded.
The orc wizard becomes somewhat translucent.
The orc hits you but does no damage.
Press: ? - help, v - describe, . - travel, g - get item
Here: an orc, wielding a dagger of venom and wearing a leather armour (heavily wounded)
A tomahawk.
The floor.
Unknown command.
Unknown command.
You closely miss the orc.
The orc is heavily wounded.
You whack the orc!
You kill the orc!
Your Maces & Flails skill increases to level 9!
Throwing (i - inventory):
c - a throwing net (quivered)
Press: ? - help, Shift-Dir - straight line, f - orc wizard
Aim: an orc wizard, wielding a dagger and wearing a robe (fast)
You throw a throwing net.
The throwing net barely misses the orc wizard.
The throwing net closely misses the orc.
You hit the orc wizard but do no damage.
The orc wizard hits you with a dagger.
You barely miss the orc wizard. The orc wizard casts a spell at you.
The puff of frost hits you!
* * * LOW HITPOINT WARNING * * *
You hit the orc wizard.
The orc wizard is lightly wounded.
The orc wizard hits you with a dagger.
* * * LOW HITPOINT WARNING * * *
You hit the orc wizard but do no damage.
The orc wizard is lightly wounded.
The orc wizard hits you but does no damage.
Unknown command.
You hit the orc wizard.
The orc wizard is lightly wounded.
The orc wizard hits you with a dagger.
* * * LOW HITPOINT WARNING * * *
You hit the orc wizard.
The orc wizard is moderately wounded.
The orc wizard hits you with a dagger.
* * * LOW HITPOINT WARNING * * *
You closely miss the orc wizard.
The orc wizard is moderately wounded.
The orc wizard glows brightly for a moment.
Unknown command.
Drink which item? (? for menu, Esc to quit)
You feel very mighty all of a sudden.
The orc wizard gestures at you while chanting.
The magic dart hits you!
* * * LOW HITPOINT WARNING * * *
You hit the orc wizard.
The orc wizard is heavily wounded.
The orc wizard hits you but does no damage.
Unknown command.
You hit the orc wizard.
The orc wizard is almost dead.
The orc wizard gestures at you while chanting.
The puff of flame hits you!
You die...

..[....# ##...........#
#.# .......#
#............# #.###
.......#
#............#####...##
.......##
#....####.#.....##....#
........# #.....#
#.......####..#
........#
#...#.###.............#
........#
#####..##.......#####.#
........#
##.##.####..#####.#
........# #@##.#
#....#...# #########
#o##.####.##.#.### #
#o##.##...##.#.### #
#o.#.............# # .
##(#.............# #
#....##(#..............
##
#...5.......oo.o.......
.# ...
#....##......o.........
.##...... #...
##...............


You could see an orc wizard and 2 orcs.

Table legend:
 A = Kills in this place as a percentage of kills in entire the game.
 B = Kills by you in this place as a percentage of kills by you in the entire game.
 C = Kills by friends in this place as a percentage of kills by friends in the entire game.
 D = Other kills in this place as a percentage of other kills in the entire game.
 E = Experience gained in this place as a percentage of experience gained in the entire game.
 F = Experience gained in this place divided by the number of levels of this place that you have seen.
                   A       B       C       D       E      F
               +-------+-------+-------+-------+-------+----------------------
         Total | 100.0 | 100.0 |  -nan |  -nan | 100.0 | 188.0
       Dungeon | 100.0 | 100.0 |  -nan |  -nan | 100.0 | 188.0
               +-------+-------+-------+-------+-------+----------------------

Vanquished Creatures
  Grinder (D:3)
  A crimson imp (D:3)
  Ijyb (D:2)
  5 adders
  2 giant mites (D:1)
  2 giant geckos
  An ooze (D:2)
  3 orcs
  A giant cockroach (D:1)
  9 goblins
  5 hobgoblins
  7 kobolds
  A quokka (D:2)
  A ball python (D:1)
  9 bats
  3 giant newts
  3 jackals (D:2)
  5 rats
60 creatures vanquished.

Notes
Turn   | Place    | Note
--------------------------------------------------------------
     0 | D:1      | magipi, the Ogre Hunter, began the quest for the Orb.
     0 | D:1      | Reached XP level 1. HP: 22/22 MP: 1/1
   324 | D:1      | Reached XP level 2. HP: 29/29 MP: 2/2
   554 | D:1      | Reached XP level 3. HP: 34/36 MP: 3/3
  1355 | D:2      | Reached skill level 5 in Maces & Flails
  1355 | D:2      | Reached XP level 4. HP: 44/44 MP: 4/4
  1387 | D:2      | Found a stormy altar of Qazlal.
  1507 | D:2      | Noticed Ijyb
  1512 | D:2      | Killed Ijyb
  1885 | D:3      | Reached skill level 6 in Maces & Flails
  1897 | D:3      | Reached XP level 5. HP: 40/50 MP: 5/5
  1942 | D:3      | Noticed a black bear
  2192 | D:3      | Found a bloodstained altar of Trog.
  2193 | D:3      | Found an ancient bone altar of Kikubaaqudgha.
  2411 | D:3      | Noticed Grinder
  2437 | D:3      | Killed Grinder
  2437 | D:3      | Reached skill level 8 in Maces & Flails
  2437 | D:3      | Reached XP level 6. HP: 22/59 MP: 6/6
  2440 | D:3      | Reached skill level 9 in Maces & Flails
  2451 | D:3      | Killed from afar by an orc wizard

Action                   |  1- 3 |  4- 6 || total
-------------------------+-------+-------++-------
Melee: Club              |   127 |    15 ||   142
       Whip              |       |    95 ||    95
Throw: Large rock        |     7 |    17 ||    24
       Throwing net      |       |     3 ||     3
  Use: Scroll            |       |     5 ||     5
       Potion            |       |     3 ||     3
 Stab: Held in net/web   |       |     2 ||     2
  Eat: Chunk             |     2 |     1 ||     3
       Fruit             |       |     2 ||     2

Action                   |  1- 3 |  4- 6 || total
-------------------------+-------+-------++-------
Melee: Club              |   127 |    15 ||   142
       Whip              |       |    95 ||    95
Throw: Large rock        |     7 |    17 ||    24
       Throwing net      |       |     3 ||     3
  Use: Scroll            |       |     5 ||     5
       Potion            |       |     3 ||     3
 Stab: Held in net/web   |       |     2 ||     2
  Eat: Chunk             |     2 |     1 ||     3
       Fruit             |       |     2 ||     2
